Map: Magannatha LE

Players

Nomad

  • Race: Zerg Zerg
  • League: Diamond
  • Spawn Location: 11:00

KimChiLoVer - Winner!

  • Race: Terran Terran
  • League: Diamond
  • Spawn Location: 5:00

VOD

Have the link to the VOD?

Description

Time

  • Played on: Oct. 3, 2025, 8:53 p.m.
  • Length: 18:39
Show
View Real Time Build Order
Export as new Build Order

Nomad Zerg 

Build Orders: Hatch First 

Get SALT Encoding   

  12  0:00  Drone  
  13  0:10  Drone  
  14  0:15  Extractor  
  14  0:16  Drone  
  15  0:22  Overlord  
  15  0:41  Drone  
  16  0:45  Hatchery  
  16  0:50  Drone  
  17  0:57  Drone x2  
  18  1:12  Spawning Pool  
  18  1:13  Extractor  
  18  1:16  Drone  
  17  1:19  Drone  
  18  1:29  Drone  
  19  1:39  Drone  
  20  1:48  Overlord  
  20  2:00  Queen x2  
  24  2:03  Zergling x2  
  25  2:18  Metabolic Boost  
  25  2:20  Drone  
  25  2:21  Drone  
  27  2:25  Drone x3  
  30  2:37  Hatchery  
  28  2:46  Drone x4  
  32  3:02  Queen  
  32  3:04  Drone x2  
  32  3:05  Overlord  
  36  3:06  Overlord  
  36  3:25  Drone x3  
  36  3:26  Drone x2  
  41  3:37  Drone x3  
  41  3:41  Queen  
  44  3:42  Zergling x6  
  44  3:46  Zergling x2  
  44  3:47  Zergling x4  
  52  3:53  Drone x2  
  52  3:54  Drone  
  52  3:55  Queen  
  57  4:01  Drone  
  58  4:04  Overlord  
  58  4:06  Overlord  
  58  4:26  Queen  
  58  4:29  Drone x13  
  73  4:33  Hatchery  
  73  4:38  Drone  
  73  4:39  Drone  
  73  4:45  Extractor  
  73  4:46  Lair, Extractor  
  73  4:50  Drone  
  73  4:51  Drone  
  74  4:53  Overlord x4  
  74  5:03  Baneling Nest  
  74  5:04  Extractor  
  72  5:13  Zergling x4  
  72  5:14  Zergling x14  
  81  5:18  Evolution Chamber, Drone  
  81  5:20  Evolution Chamber, Drone  
  81  5:21  Drone  
  81  5:22  Drone x2  
  84  5:28  Zergling x14  
  84  5:33  Roach Warren  
  88  5:36  Drone  
  89  5:47  Drone  
  90  5:54  Baneling x7  
  90  5:55  Centrifugal Hooks  
  90  5:56  Zergling x26  
  90  5:57  Zergling x4  
  104  5:59  Hatchery, Zerg Missile Weapons Level 1  
  104  6:02  Zerg Melee Weapons Level 1  
  104  6:06  Drone  
  104  6:07  Drone x3  
  104  6:08  Extractor  
  107  6:26  Overlord x3  
  107  6:31  Zergling x8  
  107  6:32  Glial Reconstitution  
  111  6:37  Infestation Pit, Overlord x3  
  111  6:38  Overlord, Extractor  
  111  6:39  Overseer x2  
  109  6:57  Drone x3  
  109  6:58  Drone x2  
  114  7:02  Drone x3  
  114  7:03  Drone x9  
  114  7:05  Drone  
  114  7:06  Drone x2  
  114  7:07  Drone x3  
  132  7:19  Overlord x3  
  132  7:20  Overlord  
  132  7:28  Spore Crawler  
  129  7:39  Spore Crawler x2  
  129  7:40  Spore Crawler  
  129  7:41  Drone x6  
  130  7:46  Hive, Microbial Shroud  
  127  7:57  Drone  
  127  7:58  Drone x5  
  131  7:59  Drone x2  
  131  8:01  Roach x12  
  131  8:03  Zerg Missile Weapons Level 2  
  159  8:06  Zerg Melee Weapons Level 2  
  159  8:12  Queen  
  162  8:20  Drone  
  162  8:22  Zergling x22  
  162  8:25  Baneling x10  
  150  8:39  Drone  
  150  8:40  Drone  
  144  8:55  Spire  
  144  8:58  Extractor, Drone x3  
  144  8:59  Extractor, Drone  
  145  9:03  Adrenal Glands  
  145  9:06  Hatchery  
  144  9:11  Infestor x4  
  152  9:24  Neural Parasite  
  152  9:26  Roach  
  152  9:27  Roach x4, Ravager  
  163  9:34  Extractor x2, Drone x3  
  163  9:35  Drone  
  163  9:36  Overlord  
  163  9:37  Overlord x4  
  165  9:41  Hatchery  
  165  9:45  Hatchery  
  156  9:59  Zergling x16  
  157  10:03  Greater Spire  
  157  10:05  Corruptor x4, Ultralisk Cavern  
  161  10:07  Corruptor  
  161  10:08  Zergling x16  
  161  10:09  Zergling x16  
  161  10:11  Ravager  
  180  10:17  Drone x5  
  180  10:18  Drone x3  
  188  10:25  Baneling  
  188  10:26  Baneling x15  
  188  10:28  Baneling x3  
  188  10:58  Zergling x14  
  188  10:59  Zergling x6  
  150  11:21  Zergling x12  
  150  11:22  Zergling x56  
  152  11:32  Ultralisk x8  
  185  11:45  Zergling x22  
  159  11:56  Zergling x2  
  159  11:57  Zergling x12  
  160  12:03  Drone x4  
  162  12:10  Chitinous Plating  
  162  12:13  Corruptor x5  
  171  12:21  Drone  
  171  12:22  Drone x2  
  174  12:24  Drone  
  174  12:25  Drone x3  
  174  12:26  Drone  
  174  12:27  Drone  
  174  12:28  Drone  
  174  12:29  Drone  
  182  12:30  Drone  
  182  12:31  Drone  
  182  12:32  Hatchery, Drone  
  182  12:33  Drone  
  182  12:36  Overseer x2  
  183  12:38  Spore Crawler  
  182  12:46  Baneling x2  
  182  12:48  Corruptor x3  
  182  12:49  Corruptor  
  182  12:50  Zerg Flyer Weapons Level 1  
  190  12:52  Pneumatized Carapace  
  187  13:07  Baneling x5  
  187  13:08  Zergling x26  
  188  13:24  Zergling x44  
  188  13:25  Zergling x4  
  183  13:31  Infestor x2  
  161  13:38  Extractor  
  161  13:39  Extractor  
  161  13:40  Drone x3  
  162  13:43  Drone  
  163  13:54  Queen x2  
  167  13:56  Baneling x10  
  167  13:57  Zergling x20, Infestor  
  167  13:58  Infestor x2  
  167  13:59  Anabolic Synthesis  
  167  14:01  Corruptor x3  
  189  14:12  Infestor x2  
  189  14:13  Infestor  
  189  14:15  Burrow  
  195  14:21  Baneling x9  
  195  14:22  Baneling  
  195  14:28  Zergling x12  
  195  14:38  Zergling x30  
  167  14:42  Zergling x16  
  167  14:43  Zergling x10  
  181  14:47  Ultralisk  
  180  15:01  Zergling x20  
  180  15:02  Zergling x6  
  179  15:09  Brood Lord x4  
  179  15:10  Overlord  
  179  15:11  Overlord  
  174  15:37  Zergling x30  
  174  15:38  Zergling x18  
  164  15:53  Zergling x14  
  164  15:55  Infestor x10  
  179  15:58  Zergling x6  
  178  16:13  Baneling x7  
  178  16:15  Zergling x18  
  178  16:16  Zergling x6  
  190  16:23  Infestor x2  
  190  16:28  Zergling x10  
  183  16:37  Extractor  
  183  16:38  Extractor  
  116  16:47  Ultralisk x2  
  116  16:48  Zergling x14, Ultralisk  
  116  16:49  Zergling x2  
  116  16:50  Baneling x3  
  135  17:00  Drone x3  
  135  17:01  Drone x6  
  135  17:08  Baneling  
  135  17:09  Baneling x2  
  135  17:13  Drone x3  
  135  17:15  Drone x4  
  139  17:16  Drone  
  139  17:17  Drone  
  138  17:26  Drone  
  138  17:27  Drone x4  
  141  17:46  Ultralisk x2  
  141  17:47  Zergling x6  
  141  17:48  Extractor  
  155  17:53  Extractor  
  146  18:00  Zergling x2, Ultralisk  
  146  18:01  Zergling x10  
Show
View Real Time Build Order
Export as new Build Order

KimChiLoVer Terran - Winner!

Build Orders: 2 Factory, Reaper Expand, Mech 

Get SALT Encoding   

  12  0:00  SCV  
  13  0:13  SCV  
  14  0:17  Supply Depot  
  14  0:31  SCV  
  15  0:42  Barracks  
  15  0:43  SCV  
  15  0:48  Refinery  
  16  0:55  SCV  
  17  1:07  SCV  
  18  1:20  SCV  
  19  1:31  Reaper  
  19  1:32  Orbital Command  
  20  1:40  Command Center  
  20  1:51  Supply Depot  
  20  1:58  SCV  
  21  2:04  Marine  
  22  2:20  Factory, SCV  
  23  2:24  Barracks Reactor  
  23  2:29  Refinery  
  23  2:32  SCV  
  25  2:44  SCV  
  25  3:01  Orbital Command  
  24  3:10  SCV  
  24  3:11  Factory  
  25  3:15  Hellion x2  
  29  3:21  Barracks Tech Lab  
  29  3:22  SCV  
  29  3:26  Refinery  
  30  3:27  SCV  
  30  3:32  Refinery  
  31  3:34  SCV  
  31  3:37  Factory  
  31  3:39  Hellion x2, SCV  
  37  3:46  SCV  
  38  3:49  Supply Depot  
  38  3:51  SCV  
  39  3:58  SCV  
  40  4:03  Supply Depot, SCV  
  40  4:04  Siege Tank  
  44  4:10  Barracks Reactor  
  44  4:15  SCV  
  46  4:17  SCV  
  46  4:20  Mag-Field Accelerator  
  46  4:21  Factory Tech Lab  
  46  4:22  Hellion  
  46  4:23  Hellion  
  50  4:27  SCV  
  51  4:33  Supply Depot  
  51  4:36  Cyclone  
  54  4:39  SCV  
  54  4:40  SCV  
  54  4:43  Cyclone  
  59  4:47  Supply Depot  
  59  4:51  SCV  
  59  4:52  SCV  
  61  5:01  Supply Depot  
  61  5:04  SCV  
  62  5:07  SCV  
  62  5:08  Starport  
  63  5:20  SCV  
  64  5:22  SCV, Command Center  
  65  5:38  Widow Mine x2, Cyclone  
  65  5:39  Siege Tank  
  65  5:40  SCV  
  76  5:47  Armory  
  76  5:48  Armory, SCV  
  77  5:52  SCV  
  77  5:54  Engineering Bay  
  78  5:59  Viking, Liberator  
  78  6:00  SCV  
  84  6:04  SCV  
  84  6:09  Infernal Pre-Igniter  
  85  6:12  Supply Depot  
  85  6:17  SCV  
  86  6:27  Supply Depot  
  86  6:34  Siege Tank, Hellion x2, Cyclone, SCV x2  
  98  6:53  Command Center  
  98  7:07  Refinery  
  98  7:08  Terran Vehicle Weapons Level 1  
  98  7:09  Terran Vehicle And Ship Armor Level 1  
  98  7:12  Refinery  
  98  7:14  Factory, SCV  
  99  7:16  Factory  
  99  7:17  Supply Depot  
  99  7:19  Supply Depot  
  99  7:25  Siege Tank x2  
  99  7:27  Hellion x2, SCV  
  110  7:39  SCV  
  111  7:48  Hellion, SCV  
  111  7:52  Planetary Fortress  
  111  7:57  Missile Turret  
  111  7:58  Missile Turret  
  111  8:00  SCV  
  111  8:01  Factory Tech Lab x2  
  111  8:02  Siege Tank x2  
  120  8:05  Widow Mine  
  120  8:10  Widow Mine  
  122  8:16  Liberator  
  122  8:17  Command Center  
  125  8:23  Missile Turret  
  117  8:42  Thor  
  117  8:43  Thor  
  129  8:51  Planetary Fortress  
  129  8:53  SCV x3  
  132  9:03  Missile Turret  
  132  9:05  SCV x2, Missile Turret  
  132  9:08  Thor x2  
  132  9:09  Hellion  
  148  9:12  Refinery  
  148  9:14  Supply Depot  
  148  9:17  Refinery  
  148  9:23  Supply Depot  
  148  9:24  Supply Depot  
  148  9:29  Hellion x2  
  153  9:31  SCV  
  153  9:36  Orbital Command  
  153  9:37  Viking  
  153  9:38  Viking  
  157  9:39  Drilling Claws, Smart Servos  
  157  9:41  Terran Vehicle Weapons Level 2  
  157  9:43  SCV  
  158  9:51  Supply Depot  
  158  9:55  SCV  
  157  10:07  Missile Turret  
  157  10:08  Missile Turret  
  157  10:10  SCV  
  158  10:18  Siege Tank x4  
  158  10:19  Hellion x2  
  174  10:22  SCV  
  175  10:29  Factory  
  175  10:30  Neosteel Armor  
  175  10:32  Factory  
  175  10:33  Factory  
  175  10:34  SCV  
  176  10:40  Hellion  
  176  10:41  Hellion  
  180  10:50  Siege Tank x2  
  147  11:27  Siege Tank  
  147  11:28  Siege Tank x3, Factory Tech Lab x3  
  147  11:29  Hellion x2  
  123  11:50  Hellion  
  123  11:51  Hellion x2, Widow Mine x2  
  114  11:59  Siege Tank  
  114  12:00  Siege Tank x3  
  120  12:12  Siege Tank, Hellion x3  
  128  12:16  Hellion  
  128  12:24  Command Center  
  128  12:27  Supply Depot x2  
  128  12:28  Supply Depot x3, SCV  
  129  12:32  Siege Tank x4, Liberator  
  129  12:33  Siege Tank, Thor, Hellion  
  155  12:44  Thor  
  155  12:46  Terran Vehicle And Ship Armor Level 2  
  155  12:49  Terran Vehicle Weapons Level 3  
  161  12:53  SCV x4  
  165  13:05  SCV  
  162  13:16  Thor x3  
  164  13:41  Widow Mine x5  
  174  13:46  Thor  
  180  13:51  Liberator  
  183  13:59  Thor x2  
  183  14:01  Planetary Fortress  
  195  14:08  Command Center  
  195  14:13  Hellion  
  195  14:14  Hellion  
  169  14:42  Hellion x9  
  174  15:03  Hellion  
  166  15:14  Hellbat x7  
  166  15:15  Hellbat  
  166  15:17  Terran Vehicle And Ship Armor Level 3  
  126  15:58  Thor x4  
  126  15:59  Thor, Hellion x3  
  126  16:00  Hellion  
  164  16:21  Hellion x4  
  160  16:41  Thor, Hellion  
  160  16:42  Hellion x5, Thor x2  
  184  17:02  Thor  
  184  17:03  Hellion, Widow Mine x3  
  184  17:04  Widow Mine  
  200  17:27  Command Center  
Tags
 
Add a new tag
Caveats
  • Supply blocks, unpowered buildings, or Contaminate may cause inaccurate times.
  • Supply counts are checked every 10 seconds.